 Dungeon Crawl Stone Soup version 0.31-a0-361-g0f8bd3a31e (webtiles) character file.

Game seed: 12944575297900270676

69 EC1 the Poker (level 4, 0/34 HPs)
             Began as a Merfolk Gladiator on July 27, 2023.
             Slain by a gnoll
             ... wielding a +0 flail
              (5 damage)
             ... on level 3 of the Dungeon.
             The game lasted 00:04:15 (1853 turns).

EC1 the Poker (Merfolk Gladiator)                   Turns: 1853, Time: 00:04:16

Health: 0/34       AC:  4    Str: 13 (14) XL:     4   Next: 20%
Magic:  4/4        EV: 13    Int:  5 (7)  God:
Gold:   142        SH:  0    Dex: 16 (17) Spells: 3/3 levels left

rFire   . . .        a - +0 trident
rCold   . . .        (no shield)
rNeg    . . .        b - +0 leather armour
rPois   .            c - +0 helmet
rElec   .            (no cloak)
rCorr   .            (no gloves)
SInv    .            (no boots)
Will    .....        (no amulet)
Stlth   ++           (no ring)
HPRegen 0.25/turn    (no ring)
MPRegen 0.09/turn

%: no passive effects
@: no status effects
A: (nimble swimmer 2), mertail
a: no special abilities


You were on level 3 of the Dungeon.
You visited 1 branch of the dungeon, and saw 3 of its levels.

You collected 142 gold pieces.

Inventory:

Hand Weapons
 a - a +0 trident (weapon)
Missiles
 d - 3 throwing nets (quivered)
 e - a javelin
Armour
 b - a +0 leather armour (worn)
 c - a +0 helmet (worn)
 f - a +2 pair of gloves
Magical Staves
 j - a staff of fire
Scrolls
 i - a scroll of identify
Potions
 h - 2 potions of enlightenment


   Skills:
 + Level 2.9 Fighting
 + Level 4.9 Polearms
 + Level 2.0 Throwing
 + Level 0.9 Armour
 + Level 4.6 Dodging
 + Level 1.0 Stealth


You had 3 spell levels left.
You didn't know any spells.
Your spell library contained the following spells:

 Spells                   Type           Power      Damage    Failure   Level
 Summon Small Mammal      Summ           0%         N/A       56%         1
 Call Canine Familiar     Summ           0%         N/A       90%         3
 Ozocubu's Armour         Ice            0%         N/A       90%         3
 Summon Guardian Golem    Hex/Summ       0%         N/A       90%         3
 Metabolic Englaciation   Hex/Ice        0%         N/A       100%        5
 Simulacrum               Ice/Necr       0%         N/A       100%        6


Dungeon Overview and Level Annotations

Branches:
Dungeon (3/15)

Altars:

Annotations:
D:3 Sigmund


Innate Abilities, Weirdness & Mutations

((You are very nimble when in or above water. (Stealth+, EV+, Speed+++)))
Your lower body shifts to a powerful aquatic tail in water.


Message History

Found a scroll labelled SOTATO TUCIYK.
You see here a hobgoblin corpse.
Found 18 gold pieces.
k - a coppery potion You now have 142 gold pieces (gained 18).
i - 2 scrolls labelled SOTATO TUCIYK (gained 1)
As you read the scroll labelled SOTATO TUCIYK, it crumbles to dust.
It is a scroll of identify.
h - 2 potions of enlightenment It was a potion of degeneration.
There was something very wrong with that liquid.
You feel weakened.
You feel dopey.
You feel clumsy.
Unknown command.
It was a potion of heal wounds.
You feel much better.
There is an escape hatch in the ceiling here. 3 gnolls come into view.
Found an escape hatch in the floor.
The gnoll falls through a shaft!
The shaft crumbles and collapses.
The gnoll shouts! x2; You hear a shout!
A gnoll comes into view. It is wielding a +0 spear.
You closely miss the gnoll. The gnoll hits you with a +0 flail.
You hit the gnoll.
The gnoll is heavily wounded.
Sigmund the Dreaded comes into view.
He is wielding a +0 scythe.
The gnoll hits you with a +0 flail!
The gnoll hits you from afar with a +0 spear.
You are too injured to fight recklessly!
You are too injured to fight recklessly!
The gnoll hits you with a +0 flail.
The gnoll hits you from afar with a +0 spear.
The gnoll attacks as you move away! The gnoll hits you with a +0 flail.
* * * LOW HITPOINT WARNING * * *
The gnoll attacks as you move away! The gnoll completely misses you.
You are too injured to fight recklessly!
You are too injured to fight recklessly!
You are too injured to fight recklessly!
You hit the gnoll but do no damage.
The gnoll is moderately wounded.
The gnoll hits you with a +0 flail.
You die...

#.........................
..........................
..........................
..............†..........#
..........................
................##...#####
#........................
##..........####....###.
###############@#..# ##
#..g...# .@.# #..g<..#
#.g.###g...### #.>.#....#
#......# #.........#
#.###.###.... # #.# #.#.#


You could see 3 gnolls.

Vanquished Creatures
  2 adders (D:2)
  A dart slug (D:1)
  2 bats (D:1)
  10 endoplasms
  4 giant cockroaches
  4 goblins (D:1)
  3 hobgoblins
  4 kobolds
  4 quokkas (D:1)
  7 frilled lizards
  3 rats (D:1)
44 creatures vanquished.

Notes
Turn   | Place    | Note
-------+----------+-------------------------------------------
     0 | D:1      | EC1 the Merfolk Gladiator began the quest for the Orb.
     0 | D:1      | Reached XP level 1. HP: 16/16 MP: 1/1
   133 | D:1      | Reached XP level 2. HP: 23/23 MP: 2/2
   422 | D:1      | Reached XP level 3. HP: 27/28 MP: 3/3
  1470 | D:2      | Reached XP level 4. HP: 34/34 MP: 4/4
  1588 | D:2      | Reached skill level 1 in Stealth
  1846 | D:3      | Noticed Sigmund
  1853 | D:3      | Slain by a gnoll

Illustrated notes

Levels and vault maps discovered:
D:1:      lightli_arrival_statue_moat, layout_basic, dk_noncrumbling_2,
          bh_walls_and_bars
D:2:      layout_basic, minmay_misc_feat_hallway, minmay_lizard_pond
D:3:      layout_rooms, lemuel_doored_altar, uniq_sigmund

Skill      XL: |  1  2  3  4 |
---------------+-------------+-----
Stealth        | 1 |  1.0
Fighting       | |  2.9
Polearms       | |  4.9
Throwing       | |  2.0
Armour         | |  0.9
Dodging        | |  4.6

Action                     |  1- 3 |  4- 6 || total
---------------------------+-------+-------++-------
  Melee: Trident           |    89 |    16 ||   105
         Punch             |       |     1 ||     1
    Use: Potion            |       |     2 ||     2
         Scroll            |       |     1 ||     1
   Stab: Sleeping          |     3 |     1 ||     4
         Distracted        |     1 |       ||     1
 Armour: Leather armour    |    18 |       ||    18
  Dodge: Dodged            |    38 |     6 ||    44

Table legend: (Time is in decaauts)
 A = Elapsed time spent in this place.
 B = Non-inter-level travel time spent in this place.
 C = Inter-level travel time spent in this place.
 D = Time resting spent in this place.
 E = Time spent auto-exploring this place.
 F = Levels seen in this place.
 G = Mean time per level.
                   A        B        C        D        E       F      G
               +--------+--------+--------+--------+--------+-----+--------+
         Total |   1859 |   1806 |     53 |     29 |   1163 |   3 |  619.7 |
       Dungeon |   1859 |   1806 |     53 |     29 |   1163 |   3 |  619.7 |
               +--------+--------+--------+--------+--------+-----+--------+

Top non-repeatable levels by time:
     D:1: 1006 daAuts
     D:2: 753 daAuts
     D:3: 98 daAuts
